Description

quick track for tvp

Build Order

Why is there no SALT encoding or Overwolf build?

    3:20  Barracks  
    3:30  Barracks  
    3:50  Refinery  
    4:00  Engineering Bay  
    4:18  Stimpack  
    4:45  Starport Reactor  
    4:46  Factory Reactor  
    5:10  Refinery  
  92  5:50  Action  PUSH with raven 6 marauders 16 marines 2 vacs
  108  6:25  Action  Fight with 108 Supply
    6:40  Command Center  
Spawning Tool Build Advisor. Get it on Overwolf

Go to:

Details

  • Created by: StriKE_SC2
  • Published on: Feb 20, 2019
  • Modified on: Feb 20, 2019
  • Patch: 4.7.1
Show

Export as new Build Order

Comments (0)

There are no comments. Be the first!

Create an account to comment!